cohdb
Replays
Latest Replays
All Replays
Popular Replays
Top Player Replays
Match Explorer
How It Works
Community
CoH3 Stats
Reddit
Sign in to upload your games and track your stats! →
Sign in with Steam
Match 47224547
Unlisted
Match 47224547
Overview
Messages
Build Orders
End
Construct Section Command Post
Vickers Machine Gun Team
Infantry Section
Infantry Section
Infantry Section
Construct Platoon Command Post
Humber Armored Car
6-pounder Anti-tank Gun Team
Construct Field Infirmary
Construct Company Command Post
Selects Heavy Armor Battlegroup
Selects Light Vehicle Withdraw and Refit
Selects Radio Net
Selects Recon Artillery
Selects Rigorous Vehicle Training
Crusader II Medium Tank
Recon Artillery
Crusader II Medium Tank
Selects Forward Repair Assembly
Oncle-Hô
Mati
HiHue
hatso3636
0
0
Comments
sign in to comment!
No comments posted yet!